ESL (28 & UNDER)
KINGSTON IGUANAS @ BUTLER WHITE SOX
06/03/2029
 
TOP OF THE 1ST
Kingston Iguanas batting - Pitching for Butler White Sox : LHP Todd Anderson
Pitching: LHP Todd Anderson
Batting: LHB Marvin Nichols 0-0: Called Strike
0-1: Ball
1-1: Ball
2-1: Ball
3-1: Ball
Batting: RHB Sergio Mata 0-0: Called Strike
0-1: Foul Ball, location: 2F
0-2: Foul Ball, location: 2F
0-2: Grounds into double play, 5-4-3 (Groundball, 5)
Batting: RHB Bob Lee 0-0: Fly out, F3 (Popup, 3SF)
Top of the 1st over - 0 runs, 0 hits, 0 errors, 0 left on base; Kingston 0 - Butler 0
BOTTOM OF THE 1ST
Butler White Sox batting - Pitching for Kingston Iguanas : RHP Brandon Malet
Pitching: RHP Brandon Malet
Batting: RHB Luis Fuentes 0-0: Ball
1-0: Swinging Strike
1-1: Foul Ball, location: 2F
1-2: Ball
2-2: Foul Ball, location: 2F
2-2: DOUBLE (Line Drive, 7LS)
Batting: RHB Luis Alvarado 0-0: Ball
Luis Fuentes steals 3rd base
1-0: Foul Ball, location: 2F
1-1: Fly out, F7 (Flyball, 78S)
Batting: SHB Ben Marks 0-0: Ball
1-0: Swinging Strike
1-1: Foul Ball, location: 2F
1-2: Foul Ball, location: 2F
1-2: Reached on error, E6 (Groundball, 6)
Luis Fuentes scores
Batting: RHB Bobby Murdock 0-0: SINGLE (Flyball, 78S)
Ben Marks to third
Batting: LHB Josh Pérez 0-0: Called Strike
0-1: Ball
1-1: Swinging Strike
1-2: Foul Ball, location: 2F
1-2: Foul Ball, location: 2F
1-2: Fly out, F7 (Flyball, 7LSF)
Runner from 3rd tags up, SCORES, no throw
Batting: RHB Júlio Hernández 0-0: Ball
1-0: Ball
2-0: Called Strike
2-1: Ball
3-1: Ground out 6-3 (Groundball, 56)
Bottom of the 1st over - 2 runs, 2 hits, 1 error, 1 left on base; Kingston 0 - Butler 2
TOP OF THE 2ND
Kingston Iguanas batting - Pitching for Butler White Sox : LHP Todd Anderson
Batting: LHB Gustavo Gómez 0-0: Swinging Strike
0-1: Ball
1-1: Ball
2-1: Foul Ball, location: 2F
2-2: Strikes out swinging
Batting: RHB Tim Davis 0-0: Foul Ball, location: 2F
0-1: Ball
1-1: Swinging Strike
1-2: Ball
2-2: SINGLE (Line Drive, 6MD)
Batting: RHB Francisco Martínez 0-0: Called Strike
0-1: Ball
1-1: Ball
2-1: Fly out, F9 (Flyball, 9)
Batting: SHB John Beach 0-0: Ball
1-0: Called Strike
1-1: Swinging Strike
1-2: Ball
Tim Davis steals 2nd base
2-2: Strikes out swinging
Top of the 2nd over - 0 runs, 1 hit, 0 errors, 1 left on base; Kingston 0 - Butler 2
BOTTOM OF THE 2ND
Butler White Sox batting - Pitching for Kingston Iguanas : RHP Brandon Malet
Batting: RHB Raúl Ruíz 0-0: Ball
1-0: Fly out, F4 (Popup, 34S)
Batting: RHB Ángel Serrano 0-0: Foul Ball, location: 2F
0-1: Swinging Strike
0-2: Strikes out looking
Batting: SHB Giel Molendijk 0-0: Ball
1-0: Ground out 4-3 (Groundball, 4D)
Bottom of the 2nd over - 0 runs, 0 hits, 0 errors, 0 left on base; Kingston 0 - Butler 2
TOP OF THE 3RD
Kingston Iguanas batting - Pitching for Butler White Sox : LHP Todd Anderson
Batting: LHB Jon Quinn 0-0: Ground out U3 (Groundball, 3)
Batting: SHB Júlio Valentín 0-0: Ball
1-0: Ground out 4-3 (Groundball, 34D)
Batting: LHB Marvin Nichols 0-0: Ball
1-0: Called Strike
1-1: Ball
2-1: SINGLE (Groundball, 4MD)
Batting: RHB Sergio Mata 0-0: Called Strike
0-1: Ground out 4-3 (Groundball, 34)
Top of the 3rd over - 0 runs, 1 hit, 0 errors, 1 left on base; Kingston 0 - Butler 2
BOTTOM OF THE 3RD
Butler White Sox batting - Pitching for Kingston Iguanas : RHP Brandon Malet
Batting: RHB Luis Fuentes 0-0: Swinging Strike
0-1: Foul Ball, location: 2F
0-2: Fly out, F9 (Flyball, 9LS)
Batting: RHB Luis Alvarado 0-0: Ball
1-0: Called Strike
1-1: Foul Ball, location: 2F
1-2: Ground out 6-3 (Groundball, 6)
Batting: SHB Ben Marks 0-0: Ground out U3 (Groundball, 3)
Bottom of the 3rd over - 0 runs, 0 hits, 0 errors, 0 left on base; Kingston 0 - Butler 2
TOP OF THE 4TH
Kingston Iguanas batting - Pitching for Butler White Sox : LHP Todd Anderson
Batting: RHB Bob Lee 0-0: DOUBLE (Line Drive, 7LM)
Batting: LHB Gustavo Gómez 0-0: Swinging Strike
0-1: DOUBLE (Line Drive, 8LXD)
Bob Lee scores
Batting: RHB Tim Davis 0-0: Ground out 4-3 (Groundball, 4S)
Gustavo Gómez to third
Batting: RHB Francisco Martínez 0-0: Ground out 6-3 (Groundball, 6)
Gustavo Gómez scores
Batting: SHB John Beach 0-0: Ball
1-0: Ball
2-0: Ball
3-0: Base on Balls
Batting: LHB Jon Quinn 0-0: Ball
1-0: Called Strike
1-1: Called Strike
1-2: Strikes out looking
Top of the 4th over - 2 runs, 2 hits, 0 errors, 1 left on base; Kingston 2 - Butler 2
BOTTOM OF THE 4TH
Butler White Sox batting - Pitching for Kingston Iguanas : RHP Brandon Malet
Batting: RHB Bobby Murdock 0-0: Ball
1-0: Foul Ball, location: 2F
1-1: Fly out, F3 (Popup, 34)
Batting: LHB Josh Pérez 0-0: Ball
1-0: Fly out, F8 (Flyball, 8RS)
Batting: RHB Júlio Hernández 0-0: Fly out, F8 (Flyball, 78S)
Bottom of the 4th over - 0 runs, 0 hits, 0 errors, 0 left on base; Kingston 2 - Butler 2
TOP OF THE 5TH
Kingston Iguanas batting - Pitching for Butler White Sox : LHP Todd Anderson
Batting: SHB Júlio Valentín 0-0: Called Strike
0-1: Foul Ball, location: 2F
0-2: Fly out, F8 (Flyball, 8LM)
Batting: LHB Marvin Nichols 0-0: Called Strike
0-1: Foul Ball, location: 2F
0-2: Strikes out looking
Batting: RHB Sergio Mata 0-0: Called Strike
0-1: Ball
1-1: Ball
2-1: Called Strike
2-2: DOUBLE (Groundball, 5L)
Batting: RHB Bob Lee 0-0: Ground out U3 (Groundball, 34)
Top of the 5th over - 0 runs, 1 hit, 0 errors, 1 left on base; Kingston 2 - Butler 2
BOTTOM OF THE 5TH
Butler White Sox batting - Pitching for Kingston Iguanas : RHP Brandon Malet
Batting: RHB Raúl Ruíz 0-0: Called Strike
0-1: Ball
1-1: Foul Ball, location: 2F
1-2: SINGLE (Flyball, 7S)
Batting: RHB Ángel Serrano 0-0: Called Strike
0-1: Swinging Strike
0-2: Strikes out swinging
Batting: SHB Giel Molendijk 0-0: Ball
1-0: Grounds into double play, 5-4-3 (Groundball, 56)
Bottom of the 5th over - 0 runs, 1 hit, 0 errors, 0 left on base; Kingston 2 - Butler 2
TOP OF THE 6TH
Kingston Iguanas batting - Pitching for Butler White Sox : LHP Todd Anderson
Batting: LHB Gustavo Gómez 0-0: Foul Ball, location: 2F
0-1: Called Strike
0-2: Ball
1-2: SOLO HOME RUN (Flyball, 9LD), Distance : 367 ft
Batting: RHB Tim Davis 0-0: Foul Ball, location: 2F
0-1: Ball
1-1: Foul Ball, location: 2F
1-2: Foul Ball, location: 2F
1-2: Foul Ball, location: 2F
1-2: Ball
2-2: SINGLE (Line Drive, 34)
Batting: RHB Francisco Martínez 0-0: Called Strike
0-1: Swinging Strike
0-2: Strikes out swinging
Batting: SHB John Beach 0-0: Ball
1-0: Ball
2-0: Called Strike
2-1: Ball
3-1: Base on Balls
Tim Davis to second
Batting: LHB Jon Quinn 0-0: SINGLE (Line Drive, 5D)
Tim Davis to third
John Beach to second
Runner from 3rd tries for Home, SAFE, no throw
Batting: SHB Júlio Valentín 0-0: Called Strike
0-1: Foul Ball, location: 2F
0-2: Ball
1-2: Ball
2-2: Strikes out swinging
Batting: LHB Marvin Nichols 0-0: Ball
1-0: Called Strike
1-1: Ground out 4-3 (Groundball, 4)
Top of the 6th over - 2 runs, 3 hits, 0 errors, 2 left on base; Kingston 4 - Butler 2
BOTTOM OF THE 6TH
Butler White Sox batting - Pitching for Kingston Iguanas : RHP Brandon Malet
Batting: RHB Luis Fuentes 0-0: Ball
1-0: Swinging Strike
1-1: Foul Ball, location: 2F
1-2: Foul Ball, location: 2F
1-2: Foul Ball, location: 2F
1-2: Ball
2-2: Foul Ball, location: 2F
2-2: Foul Ball, location: 2F
2-2: Ground out 4-3 (Groundball, 4M)
Batting: RHB Luis Alvarado 0-0: Called Strike
0-1: Ground out 6-3 (Groundball, 6)
Batting: SHB Ben Marks 0-0: Swinging Strike
0-1: Ball
1-1: Foul Ball, location: 2F
1-2: Strikes out swinging
Bottom of the 6th over - 0 runs, 0 hits, 0 errors, 0 left on base; Kingston 4 - Butler 2
TOP OF THE 7TH
Kingston Iguanas batting - Pitching for Butler White Sox : LHP Todd Anderson
Batting: RHB Sergio Mata 0-0: Ball
1-0: Ground out 5-3 (Groundball, 56S)
Batting: RHB Bob Lee 0-0: Swinging Strike
0-1: Called Strike
0-2: Ball
1-2: Foul Ball, location: 2F
1-2: Strikes out looking
Batting: LHB Gustavo Gómez 0-0: Foul Ball, location: 2F
0-1: Ball
1-1: Ball
2-1: Ball
3-1: Base on Balls
Batting: RHB Tim Davis 0-0: DOUBLE (Line Drive, 7D)
Gustavo Gómez to third
Batting: RHB Francisco Martínez 0-0: Ground out 6-3 (Groundball, 6)
Top of the 7th over - 0 runs, 1 hit, 0 errors, 2 left on base; Kingston 4 - Butler 2
BOTTOM OF THE 7TH
Butler White Sox batting - Pitching for Kingston Iguanas : RHP Brandon Malet
Batting: RHB Bobby Murdock 0-0: Called Strike
0-1: Called Strike
0-2: Foul Ball, location: 2F
0-2: Strikes out swinging
Batting: LHB Josh Pérez 0-0: Fly out, F4 (Popup, 34)
Batting: RHB Júlio Hernández 0-0: SINGLE (Groundball, 6MS) (infield hit)
Batting: RHB Raúl Ruíz 0-0: Called Strike
Júlio Hernández is caught stealing 2nd base
Bottom of the 7th over - 0 runs, 1 hit, 0 errors, 0 left on base; Kingston 4 - Butler 2
TOP OF THE 8TH
Kingston Iguanas batting - Pitching for Butler White Sox : LHP Todd Anderson
Pitching: LHP Rafael Romero
Batting: SHB John Beach 0-0: Ball
1-0: Ball
2-0: Ball
3-0: Base on Balls
Batting: LHB Jon Quinn 0-0: Ball
1-0: Foul Ball, location: 2F
1-1: Reached on error, E3 (Groundball, 34S)
John Beach to second
Pinch Hitting: RHB Bobby Armstrong 0-0: Called Strike
0-1: Foul Ball, location: 2F
0-2: Ball
1-2: Ball
2-2: Ball
3-2: Base on Balls
John Beach to third
Jon Quinn to second
Batting: LHB Marvin Nichols 0-0: Foul Ball, location: 2F
0-1: SINGLE (Groundball, 34D)
John Beach scores
Jon Quinn to third
Bobby Armstrong to second
Runner from 3rd tries for Home, SAFE, no throw
Batting: RHB Sergio Mata 0-0: Foul Ball, location: 2F
0-1: Ball
1-1: Ball
2-1: Ball
3-1: Base on Balls
Bobby Armstrong to third
Marvin Nichols to second
Batting: RHB Bob Lee 0-0: Ball
1-0: Swinging Strike
1-1: Swinging Strike
1-2: Ball
2-2: Ball
3-2: Foul Ball, location: 2F
3-2: Strikes out swinging
Batting: LHB Gustavo Gómez 0-0: Ball
1-0: Ball
2-0: Foul Ball, location: 2F
2-1: Ball
3-1: Base on Balls
Bobby Armstrong scores
Marvin Nichols to third
Sergio Mata to second
Batting: RHB Tim Davis 0-0: Ball
1-0: Called Strike
1-1: Ball
2-1: Grounds into fielders choice 6-2 (Groundball, 6M)
Sergio Mata to third
Gustavo Gómez to second
Batting: RHB Francisco Martínez 0-0: Ball
1-0: Ball
2-0: Called Strike
2-1: Ball
3-1: SINGLE (Flyball, 8RS)
Sergio Mata scores
Gustavo Gómez to third
Tim Davis to second
Runner from 3rd tries for Home, SAFE, no throw
Batting: SHB John Beach 0-0: Ball
1-0: Ball
2-0: Ball
3-0: Called Strike
3-1: Called Strike
3-2: Foul Ball, location: 2F
3-2: Foul Ball, location: 2F
3-2: Fly out, F8 (Flyball, 8LM)
Top of the 8th over - 5 runs, 2 hits, 1 error, 2 left on base; Kingston 9 - Butler 2
BOTTOM OF THE 8TH
Butler White Sox batting - Pitching for Kingston Iguanas : RHP Brandon Malet
Now at 2B: Bobby Armstrong
Batting: RHB Raúl Ruíz 0-0: Reached on error, E3 (Groundball, 3L)
Batting: RHB Ángel Serrano 0-0: Ball
1-0: Called Strike
1-1: Foul Ball, location: 2F
1-2: Foul Ball, location: 2F
1-2: Fly out, F9 (Flyball, 9S)
Batting: SHB Giel Molendijk 0-0: Called Strike
0-1: Ball
1-1: Foul Ball, location: 2F
1-2: Ball
2-2: Ball
3-2: Foul Ball, location: 2F
3-2: SINGLE (Line Drive, 8RS)
Raúl Ruíz to second
Batting: RHB Luis Fuentes 0-0: Ball
1-0: Ball
2-0: Fly out, F5 (Line Drive, 56)
Pitching: RHP Tom Hicks
Batting: RHB Luis Alvarado 0-0: Called Strike
0-1: Ball
1-1: Swinging Strike
1-2: Ball
2-2: SINGLE (Groundball, 3D)
Raúl Ruíz to third
Giel Molendijk to second
Runner from 3rd tries for Home, SAFE, throw made home
Batting: SHB Ben Marks 0-0: Called Strike
0-1: Called Strike
0-2: Ball
1-2: Strikes out swinging
Bottom of the 8th over - 1 run, 2 hits, 1 error, 2 left on base; Kingston 9 - Butler 3
TOP OF THE 9TH
Kingston Iguanas batting - Pitching for Butler White Sox : LHP Rafael Romero
Pitching: RHP Carlos Olmedo
Batting: LHB Jon Quinn 0-0: Called Strike
0-1: Ball
1-1: Ball
2-1: Ball
3-1: DOUBLE (Line Drive, 78D)
Batting: RHB Bobby Armstrong 0-0: Called Strike
0-1: Ball
1-1: Ball
2-1: Ball
3-1: SINGLE (Flyball, 7LS)
Jon Quinn to third
Batting: LHB Marvin Nichols 0-0: Ball
1-0: Ball
2-0: Ball
3-0: Base on Balls
Bobby Armstrong to second
Batting: RHB Sergio Mata 0-0: Ball
1-0: Ball
2-0: Ball
3-0: Base on Balls
Jon Quinn scores
Bobby Armstrong to third
Marvin Nichols to second
Batting: RHB Bob Lee 0-0: Ball
1-0: Ball
2-0: Ball
3-0: Called Strike
3-1: Foul Ball, location: 2F
3-2: Base on Balls
Bobby Armstrong scores
Marvin Nichols to third
Sergio Mata to second
Batting: LHB Gustavo Gómez 0-0: Ball
1-0: Called Strike
1-1: GRAND SLAM HOME RUN (Flyball, 9LD), Distance : 375 ft
Batting: RHB Tim Davis 0-0: Called Strike
0-1: Ball
1-1: Foul Ball, location: 2F
1-2: Ball
2-2: Ball
3-2: Strikes out swinging
Batting: RHB Francisco Martínez 0-0: Called Strike
0-1: Ground out 4-3 (Groundball, 4)
Batting: SHB John Beach 0-0: Ball
1-0: Ball
2-0: Ball
3-0: Foul Ball, location: 2F
3-1: Called Strike
3-2: Foul Ball, location: 2F
3-2: Base on Balls
Batting: LHB Jon Quinn 0-0: Ball
1-0: Ball
2-0: Ball
3-0: Base on Balls
John Beach to second
Batting: RHB Bobby Armstrong 0-0: Ball
1-0: DOUBLE (Line Drive, 9LM)
John Beach scores
Jon Quinn to third
Batting: LHB Marvin Nichols 0-0: Ball
1-0: 3-RUN HOME RUN (Flyball, 9LD), Distance : 363 ft
Batting: RHB Sergio Mata 0-0: Called Strike
0-1: Ground out 6-3 (Groundball, 6)
Top of the 9th over - 10 runs, 5 hits, 0 errors, 0 left on base; Kingston 19 - Butler 3
BOTTOM OF THE 9TH
Butler White Sox batting - Pitching for Kingston Iguanas : RHP Tom Hicks
Batting: RHB Bobby Murdock 0-0: Ball
1-0: Called Strike
1-1: Ball
2-1: Foul Ball, location: 2F
2-2: Foul Ball, location: 2F
2-2: Strikes out swinging
Batting: LHB Josh Pérez 0-0: SINGLE (Line Drive, 78S)
Batting: RHB Júlio Hernández 0-0: Ball
1-0: Swinging Strike
1-1: Ball
2-1: Called Strike
2-2: Ball
3-2: Strikes out swinging
Josh Pérez is caught stealing 2nd base
Batter strikes out.
Bottom of the 9th over - 0 runs, 1 hit, 0 errors, 0 left on base; Kingston 19 - Butler 3
Saturday, December 16th, 2017 - OOTP Baseball 18.8 Build 76